 Dungeon Crawl Stone Soup version 0.30.1-4-g462c640d31 (webtiles) character file.

Game seed: 206471477239027707

64 GimliDwarf the Prestidigitator (level 4, -1/32 HPs)
             Began as a Gnoll Wanderer on Aug 15, 2023.
             Slain by a gnoll
             ... wielding a +0 spear
             ... led by a gnoll bouda
              (3 damage)
             ... on level 4 of the Dungeon.
             The game lasted 00:02:30 (1170 turns).

GimliDwarf the Prestidigitator (Gnoll Wanderer)     Turns: 1170, Time: 00:02:31

Health: -1/32      AC:  4    Str: 11    XL:     4   Next: 12%
Magic:  5/5        EV: 12    Int: 10    God:
Gold:   36         SH:  0    Dex: 15    Spells: 5/5 levels left

rFire   . . .        a - +0 short sword
rCold   . . .        (no shield)
rNeg    . . .        f - +0 leather armour
rPois   .            (no helmet)
rElec   .            j - +0 cloak
rCorr   .            (no gloves)
SInv    .            (no boots)
Will    .....        (no amulet)
Stlth   ++           (no ring)
HPRegen 0.25/turn    (no ring)
MPRegen 0.09/turn

%: no passive effects
@: no status effects
A: fangs 1, strong nose, distributed training
a: no special abilities


You were on level 4 of the Dungeon.
You visited 1 branch of the dungeon, and saw 3 of its levels.

You collected 36 gold pieces.

Inventory:

Hand Weapons
 a - a +0 short sword (weapon)
 d - a +0 dagger
Missiles
 c - 8 poisoned darts (quivered)
 r - 6 boomerangs
Armour
 f - a +0 leather armour (worn)
 j - a +0 cloak (worn)
Wands
 b - a wand of flame (16)
Potions
 g - a potion of heal wounds
 h - a potion of might {unknown}
 i - a potion of degeneration {unknown}
 k - a potion of brilliance {unknown}
 m - a potion of curing {unknown}
 o - a potion of flight {unknown}


   Skills:
 + Level 1.1 Fighting
 + Level 4.6 Short Blades
 + Level 1.1 Long Blades
 + Level 1.1 Axes
 + Level 1.1 Maces & Flails
 + Level 1.1 Polearms
 + Level 1.1 Staves
 + Level 1.1 Ranged Weapons
 + Level 4.6 Throwing
 + Level 1.1 Armour
 + Level 2.7 Dodging
 + Level 2.5 Stealth
 + Level 1.1 Shields
 + Level 1.1 Unarmed Combat
 + Level 1.1 Spellcasting
 + Level 0.8 Conjurations
 + Level 0.8 Hexes
 + Level 0.8 Summonings
 + Level 0.8 Necromancy
 + Level 0.8 Translocations
 + Level 0.8 Transmutations
 + Level 0.8 Fire Magic
 + Level 0.8 Ice Magic
 + Level 0.8 Air Magic
 + Level 0.8 Earth Magic
 + Level 0.8 Poison Magic
 + Level 1.2 Invocations
 + Level 8.5 Evocations


You had 5 spell levels left.
You didn't know any spells.
Your spell library was empty.

Dungeon Overview and Level Annotations

Branches:
Dungeon (2/15)

Altars:


Innate Abilities, Weirdness & Mutations

You have very sharp teeth.
Your uncanny sense of smell can sniff out nearby items.
Your experience applies equally to all skills.


Message History

The gnoll bouda looks even sicker.
The gnoll bouda is almost dead.
The gnoll bouda closely misses you.
A kobold comes into view. It is wielding a +0 dagger.
As you read the scroll of fear, it crumbles to dust.
You assume a fearsome visage.
The iguana looks frightened!
The kobold looks frightened!
The gnoll bouda looks frightened!
The gnoll looks frightened! x2
You kill the gnoll bouda!
The kobold cries, "Mercy!"
A gnoll comes into view. It is wielding a +0 spear.
Your Fighting skill increases to level 1!
Your Long Blades skill increases to level 1!
Your Axes skill increases to level 1!
Your Maces & Flails skill increases to level 1!
Your Polearms skill increases to level 1!
Your Staves skill increases to level 1!
Your Ranged Weapons skill increases to level 1!
Your Armour skill increases to level 1!
Your Shields skill increases to level 1!
Your Unarmed Combat skill increases to level 1!
Your Spellcasting skill increases to level 1!
You have reached level 4!
You feel clever.
Found 7 gold pieces.
The gnoll is no longer moving quickly.
The gnoll hits you with a +0 flail! The gnoll barely misses you.
You hit the gnoll but do no damage. The gnoll hits you with a +0 flail!
* * * LOW HITPOINT WARNING * * *
The gnoll closely misses you.
You hit the gnoll.
The gnoll is lightly wounded.
The gnoll hits you with a +0 flail.
* * * LOW HITPOINT WARNING * * *
The gnoll misses you.
You hit the gnoll but do no damage.
The gnoll is lightly wounded.
The gnoll hits you with a +0 flail.
* * * LOW HITPOINT WARNING * * *
The gnoll hits you from afar with a +0 spear.
You die...

. #....#g# ..# .
##.##....#.### #..#....
...........[.##........
##.........g....# ....
#..##....#..#)### .....
. #....##.#.# #.....
#....##...###......
......####..##.....#
######......gg@...#
........g##...#
.#..####.# .#.# #...
... ## .$ ... ##.## .#
. #.# # #.# ...


You could see 3 gnolls.

Vanquished Creatures
  A gnoll bouda (D:4)
  3 dart slugs (D:1)
  3 bats (D:1)
  2 endoplasms (D:1)
  2 giant cockroaches (D:1)
  4 hobgoblins (D:1)
  A kobold (D:1)
  A quokka (D:1)
  3 ball pythons (D:1)
  2 frilled lizards (D:1)
  2 goblins (D:1)
  4 rats (D:1)
28 creatures vanquished.

Notes
Turn   | Place    | Note
-------+----------+-------------------------------------------
     0 | D:1      | GimliDwarf the Gnoll Wanderer began the quest for the Orb.
     0 | D:1      | GimliDwarf set off with the following items: a +0 short
                  | sword, a wand of flame (16), 12 poisoned darts, a +0
                  | dagger, a scroll of fear, a +0 leather armour.
     0 | D:1      | Reached XP level 1. HP: 13/13 MP: 1/1
   123 | D:1      | Reached XP level 2. HP: 14/19 MP: 2/2
   686 | D:1      | Reached XP level 3. HP: 21/25 MP: 3/3
   822 | D:1      | Reached skill level 1 in Invocations
  1142 | D:2      | You fall into a shaft and drop 2 floors!
  1161 | D:4      | Reached skill level 1 in Fighting
  1161 | D:4      | Reached skill level 1 in Long Blades
  1161 | D:4      | Reached skill level 1 in Axes
  1161 | D:4      | Reached skill level 1 in Maces & Flails
  1161 | D:4      | Reached skill level 1 in Polearms
  1161 | D:4      | Reached skill level 1 in Staves
  1161 | D:4      | Reached skill level 1 in Ranged Weapons
  1161 | D:4      | Reached skill level 1 in Armour
  1161 | D:4      | Reached skill level 1 in Shields
  1161 | D:4      | Reached skill level 1 in Unarmed Combat
  1161 | D:4      | Reached skill level 1 in Spellcasting
  1161 | D:4      | Reached XP level 4. HP: 25/32 MP: 5/5
  1170 | D:4      | Slain by a gnoll

Illustrated notes

Levels and vault maps discovered:
D:1:      roderic_dead_forest, layout_basic
D:2:      cheibrodos_helix_gallery, layout_basic
D:4:      layout_rooms, nicolae_ashenzari_skybound, portal_sewer_entry_b,
          minmay_divided_ellipse

Skill      XL: |  1  2  3 |
---------------+----------+-----
Invocations    | 1 |  1.2
Fighting       | 1 |  1.1
Long Blades    | 1 |  1.1
Axes           | 1 |  1.1
Maces & Flails | 1 |  1.1
Polearms       | 1 |  1.1
Staves         | 1 |  1.1
Ranged Weapons | 1 |  1.1
Armour         | 1 |  1.1
Shields        | 1 |  1.1
Unarmed Combat | 1 |  1.1
Spellcasting   | 1 |  1.1
Short Blades   | |  4.6
Throwing       | |  4.6
Dodging        | |  2.7
Stealth        | |  2.5
Conjurations   | |  0.8
Hexes          | |  0.8
Summonings     | |  0.8
Necromancy     | |  0.8
Translocations | |  0.8
Transmutations | |  0.8
Fire Magic     | |  0.8
Ice Magic      | |  0.8
Air Magic      | |  0.8
Earth Magic    | |  0.8
Poison Magic   | |  0.8
Evocations     | |  8.5

Action                     |  1- 3 |  4- 6 || total
---------------------------+-------+-------++-------
  Melee: Short sword       |    86 |     3 ||    89
         Bite              |    12 |       ||    12
  Throw: Dart              |     4 |       ||     4
    Use: Scroll            |     5 |       ||     5
   Stab: Sleeping          |     6 |       ||     6
 Armour: Leather armour    |    20 |       ||    20
  Dodge: Dodged            |    42 |     3 ||    45
